 Dungeon Crawl Stone Soup version 0.31-a0-1010-g5322dac6a2 (webtiles) character file.

Game seed: 9250281009897410278

44786 Dirtsage the Martial Artist (level 14, -10/118 HPs)
             Began as an Octopode Shapeshifter on Nov 16, 2023.
             Was an Initiate of Gozag.
             Mangled by a goliath frog (19 damage)
             ... on level 5 of the Lair of Beasts.
             The game lasted 00:58:41 (23748 turns).

Dirtsage the Martial Artist (OpSh)                 Turns: 23748, Time: 00:58:42

Health: -10/118    AC: 10    Str: 28    XL:     14   Next: 30%
Magic:  20/20      EV: 14    Int: 14    God:    Gozag
Gold:   397        SH:  0    Dex: 15    Spells: 13/21 levels left

rFire   + +          +
                       - Unarmed
rCold   + + +        (shield currently unavailable)
rNeg    . . .        (helmet currently unavailable)
rPois   +            L - amulet of regeneration
rElec   +            j - +6 ring of strength
rCorr   +            I - ring of protection from cold
SInv    +            (no ring)
Will    +....        (no ring)
Stlth   +            x - ring "Dufas" {rF+ rC+ Slay+5}
HPRegen 1.19/turn    C - ring of resist corrosion
MPRegen 0.17/turn    M - ring of Ajia {rElec rF+ rC+ Str+4 SInv}
                     (no ring)

%: no passive effects
@: mighty, lethally poisoned (-10 -> -13), snake-form, resistant, gold aura,
hasted, very quick
A: constrict, boosted hp, almost no armour, amphibious, 8 rings, large,
(camouflage 1), (gelatinous body 1), (nimble swimmer 1), (tentacles)
a: Begin Untransformation, Renounce Religion, Potion Petition, Call Merchant,
Bribe Branch


You were on level 5 of the Lair of Beasts.
You worshipped Gozag.
Gozag was aware of your devotion.
You were an enormous anaconda.
You visited 5 branches of the dungeon, and saw 20 of its levels.
You also visited: Ossuary and Bailey.

You collected 4882 gold pieces.
You spent 1575 gold pieces at shops.
You paid 2910 gold pieces to Gozag.

Inventory:

Missiles
 K - 5 curare-tipped darts
Magical Staves
 F - a staff of air
Jewellery
 j - a +6 ring of strength (left tentacle)
 x - the ring "Dufas" (on tentacle) {rF+ rC+ Slay+5}
   (You found it on level 7 of the Dungeon)

   [ring of protection from fire]

   Slay+5:    It affects your accuracy & damage with ranged weapons and melee
   (+5).
   rF+:       It protects you from fire.
   rC+:       It protects you from cold.
 C - a ring of resist corrosion (on tentacle)
 I - a ring of protection from cold (right tentacle)
 L - an amulet of regeneration (around neck)
 M - the ring of Ajia (on tentacle) {rElec rF+ rC+ Str+4 SInv}
   (You took it off a meliai on level 4 of the Lair of Beasts)

   [ring of protection from fire]

   Str+4:     It affects your strength (+4).
   rF+:       It protects you from fire.
   rC+:       It protects you from cold.
   rElec:     It insulates you from electricity.
   SInv:      It lets you see invisible.
Talismans
 b - a beast talisman
 c - a flux talisman
 G - a serpent talisman (active)
Wands
 m - a wand of quicksilver (4)
 p - a wand of charming (15)
 w - a wand of flame (9) (quivered)
Scrolls
 e - 5 scrolls of amnesia
 f - 3 scrolls of enchant armour
 g - 4 scrolls of fear
 i - 2 scrolls of identify
 k - 7 scrolls of fog
 o - 2 scrolls of immolation
 r - 3 scrolls of revelation
 t - 4 scrolls of teleportation
 v - 5 scrolls of vulnerability
 y - 2 scrolls of silence
 A - 2 scrolls of poison
 B - 3 scrolls of blinking
 D - 2 scrolls of noise
Potions
 a - 4 potions of lignification
 d - 4 potions of might
 h - 4 potions of haste
 l - 2 potions of heal wounds
 n - a potion of resistance
 q - 8 potions of curing
 s - 4 potions of mutation
 z - 2 potions of berserk rage
 E - 3 potions of brilliance
 H - 7 potions of ambrosia
 J - a potion of attraction


   Skills:
 + Level 10.4 Fighting
 + Level 9.2 Dodging
 * Level 12.9 Unarmed Combat
 + Level 4.1 Spellcasting
 + Level 5.6 Translocations
 - Level 8.0 Evocations
 * Level 12.2 Shapeshifting


You had 13 spell levels left.
You knew the following spells:

 Your Spells              Type           Power      Damage    Failure   Level
a - Manifold Assault      Tloc           18%        N/A       19%         4
b - Blink                 Tloc           36%        N/A       3%          2
c - Lesser Beckoning      Tloc           36%        N/A       3%          2

Your spell library contained the following spells:

 Spells                   Type           Power      Damage    Failure   Level
 Apportation              Tloc           36%        N/A       1%          1
 Gell's Gravitas          Tloc           18%        N/A       6%          3
 Teleport Other           Tloc           18%        N/A       6%          3
 Necrotise                Necr           8%         1d4       19%         1
 Sandblast                Erth           4%         2d4       19%         1
 Sting                    Tmut/Pois      8%         1d3       19%         1
 Summon Small Mammal      Summ           8%         N/A       19%         1
 Passage of Golubria      Tloc           18%        N/A       19%         4
 Passwall                 Tmut/Erth      1%         N/A       28%         2
 Poisonous Vapours        Pois/Air       4%         N/A       28%         2
 Inner Flame              Hex/Fire       2%         N/A       50%         3
 Stone Arrow              Conj/Erth      4%         3d7       50%         3
 Brom's Barrelling Bould  Conj/Erth      2%         2d3       88%         4
 Cause Fear               Hex            1%         N/A       88%         4
 Olgreb's Toxic Radiance  Pois           2%         N/A       88%         4
 Dispersal                Tloc           9%         N/A       96%         6
 Fireball                 Conj/Fire      1%         3d3       99%         5
 Silence                  Hex/Air        1%         N/A       99%         5
 Yara's Violent Unravell  Hex/Tmut       1%         3d3       99%         5
 Enfeeble                 Hex            1%         N/A       100%        7
 Disjunction              Tloc           9%         N/A       100%        8
 Lehudib's Crystal Spear  Conj/Erth      1%         10d2      100%        8
 Dragon's Call            Summ           1%         N/A       100%        9


Dungeon Overview and Level Annotations

Branches:
Dungeon (12/15)            Temple (1/1) D:6            Lair (5/5) D:8
 Shoals (1/4) Lair:3        Snake (0/4) Lair:2        Slime (0/5) Lair:4
    Orc (1/2) D:9         Ossuary (visited)          Bailey (visited)

Altars:
Ashenzari
Cheibriados
Dithmenos
Elyvilon
Fedhas
Gozag
Hepliaklqana
Kikubaaqudgha
Makhleb
Nemelex Xobeh
Okawaru
Qazlal
Ru
Sif Muna
Trog
Uskayaw
Vehumet
Wu Jian
Xom
Yredelemnul
Zin
The Shining One

Shops:
D:3 *   D:5 *   D:6 ?   D:9 *   D:10 *   Lair:3 **?

Annotations:
D:4 Dowan
D:10 Urug
Orc:1 Erolcha


Innate Abilities, Weirdness & Mutations

You are an enormous anaconda.
You have a powerful constriction melee attack.
Your maximum health is increased.
Your armour is entirely melded.
You are incapable of wielding weapons or throwing items.
You cannot wear most types of armour.
You are amphibious.
You can wear up to eight rings at the same time.
((Your skin changes colour to match your surroundings (Stealth+).))
((Your rubbery body absorbs attacks. (AC +1, EV +1)))
((You are camouflaged when in or above water. (Stealth+)))
((You have tentacles for arms and can constrict up to eight enemies at once.))


Message History

The blink frog is engulfed in poison gas.
The blink frog looks even sicker.
The elephant is engulfed in poison gas.
The elephant looks as sick as possible!
The elephant is engulfed in poison gas.
The elephant looks as sick as possible!
The electric eel is engulfed in poison gas.
The electric eel looks as sick as possible!
Cornered, the electric eel turns to fight!
The elephant is engulfed in poison gas.
The elephant is poisoned.
The elephant is distracted by your dazzling golden aura.
The elephant is engulfed in poison gas.
The elephant looks as sick as possible!
The goliath frog is engulfed in poison gas.
The goliath frog looks even sicker. [a] - 528 gold - resistance, might and haste [b] - 168 gold - might and brilliance [c] - 475 gold - haste, brilliance and enlightenment Purchase which effect?
You no longer have enough gold to petition Gozag for potion effects.
You feel protected.
You feel very mighty all of a sudden.
You feel yourself speed up.
You constrict the skyshark.
You feel very sick.
You feel a bit more experienced.
A nearby plant withers and dies.
The elephant is no longer distracted by gold.
The vampire mosquito is distracted by your dazzling golden aura.
The skyshark barely misses you. The skyshark tail-slaps you.
* * * LOW HITPOINT WARNING * * *
The skyshark barely misses you.
The blink frog is engulfed in poison gas.
The blink frog looks as sick as possible!
The blink frog blinks!
The skyshark bites you but does no damage.
The skyshark tail-slaps you but does no damage.
The skyshark barely misses you.
The blink frog is engulfed in poison gas.
The blink frog looks as sick as possible!
The blink frog blinks!
The goliath frog is engulfed in poison gas.
The goliath frog looks as sick as possible!
The goliath frog hits you from afar!!
You die...
Your body crumbles into a pile of gold.

.. ≈~~## ~≈~~~~
.. ~~§☼P§#
☼~§§§§§ ~~
~~○P§§§###S§~§~§○
.~
~.P§○☼P#○§~~y§§§§
.
~~§☼§§§§☼§§☼§§○§§
.
..§§§§§○§§F§F§§○§
#§☼§§.~§F§§§○§☼§
..####§.~.y§☼P§#
...§§§§§.lS☼§§○#
...§☼§§<$F§§☼§§#
...☼§§§§§§○§☼§§§#
...Y.§Y§§○§§§§§§#
...Y§§☼☼§☼§§☼P###
...P☼§§☼§§§§§PP#
...#§§☼#§§☼§☼§○#
.P.§☼YP§##☼○####
..#.(.. ..#


You could see a skyshark (berserk), 4 elephants, a goliath frog (extremely
poisoned), 2 cane toads, a blink frog (extremely poisoned), 2 vampire mosquitoes
and an electric eel (extremely poisoned).

Vanquished Creatures
  A dire elephant (Lair:3)
  Josephine (Lair:4)
  A hydra (Lair:3)
  2 two-headed ogres
  3 death yaks (Lair:4)
  Nergalle (D:10)
  A fire crab (Lair:3)
  2 skysharks
  A lindwurm (Lair:4)
  4 manticores
  A salamander (Lair:2)
  10 elephants
  9 cane toads
  4 black mambas
  2 torpor snails
  Maggie (D:7)
  A kobold demonologist (D:11)
  An unseen horror (D:10)
  6 rime drakes
  9 komodo dragons
  3 trolls
  A queen bee (Lair:4)
  3 meliai (Lair:4)
  A hornet (D:8)
  A polar bear (Lair:4)
  19 blink frogs
  A shadow (D:6)
  26 yaks
  A vampire (D:10)
  6 wraiths
  4 wyverns
  6 basilisks
  6 steam dragons
  Menkaure (D:7)
  A vampire mosquito (Lair:5)
  A warg (D:9)
  11 water moccasins
  2 black bears
  29 wolves
  8 orc warriors
  2 ogres (D:5)
  2 centaurs
  A phantom (D:5)
  Blork the orc (D:6)
  20 bullfrogs
  3 gnoll sergeants
  15 scorpions
  2 jellies (D:5)
  39 killer bees
  A howler monkey (D:4)
  An electric eel (Lair:5)
  2 lava snakes (Lair:2)
  A human zombie (Ossuary)
  4 hounds
  5 orc priests
  A gnoll bouda (D:4)
  A sleepcap (D:5)
  Ijyb (D:4)
  An iguana (D:5)
  Natasha (twice) (D:4)
  7 orc wizards
  6 scorpion zombies (Ossuary)
  3 mummies (Ossuary)
  13 gnolls
  7 adders
  A river rat (Lair:4)
  8 ufetubi
  3 worms
  3 dart slugs (D:3)
  31 orcs
  8 bats
  10 endoplasms
  5 giant cockroaches
  5 goblins
  4 hobgoblins
  6 jackals
  3 quokkas
  2 ball pythons
  2 frilled lizards
  A gnoll zombie (Ossuary)
  3 goblin zombies (Ossuary)
  2 hobgoblin zombies (Ossuary)
  9 kobolds
  5 kobold zombies (Ossuary)
  An orc zombie (Ossuary)
  7 rats
452 creatures vanquished.

Vanquished Creatures (collateral kills)
  An ice beast (D:7)
  An orc warrior (D:9)
  A bullfrog (Lair:4)
  An orc priest (D:7)
  A gnoll bouda (D:8)
  5 gnolls
  4 orcs
14 creatures vanquished.

Vanquished Creatures (others)
  A bullfrog (D:7)
  A gnoll (D:10)
2 creatures vanquished.

Grand Total: 468 creatures vanquished

Notes
Turn   | Place    | Note
-------+----------+-------------------------------------------
     0 | D:1      | Dirtsage the Octopode Shapeshifter began the quest for the
                  | Orb.
     0 | D:1      | Reached XP level 1. HP: 13/13 MP: 1/1
    47 | D:1      | Reached XP level 2. HP: 18/18 MP: 2/2
   131 | D:1      | Reached XP level 3. HP: 15/23 MP: 3/3
   982 | D:2      | Reached XP level 4. HP: 24/29 MP: 4/4
  1785 | D:3      | Found Kiolad's Assorted Antiques.
  2033 | D:3      | Reached XP level 5. HP: 27/35 MP: 5/5
  2202 | D:3      | Found a shimmering blue altar of Sif Muna.
  2270 | D:3      | Found a hide-covered altar of Uskayaw.
  2381 | D:3      | Found a sacrificial altar of Ru.
  2423 | D:3      | Found an opulent altar of Gozag.
  2476 | D:3      | Became a worshipper of Gozag Ym Sagoz the Greedy
  2698 | D:3      | Found a faded altar of an unknown god.
  3050 | D:4      | Noticed Ijyb
  3059 | D:4      | Killed Ijyb
  3077 | D:4      | Noticed Natasha
  3085 | D:4      | Killed Natasha
  3301 | D:5      | Entered Level 5 of the Dungeon
  3342 | D:4      | Reached XP level 6. HP: 41/41 MP: 6/6
  3659 | D:4      | Noticed Dowan
  3843 | D:4      | Reached skill level 5 in Shapeshifting
  3913 | D:4      | Noticed Natasha
  3922 | D:4      | Killed Natasha
  4576 | D:5      | Noticed a water moccasin
  4587 | D:5      | Killed a water moccasin
  4588 | D:5      | Reached XP level 7. HP: 42/46 MP: 7/7
  4738 | D:5      | Found Oxtagen's Assorted Antiques.
  4744 | D:5      | Bought a scroll of identify for 52 gold pieces
  4878 | D:5      | Reached skill level 5 in Unarmed Combat
  4971 | D:5      | Reached XP level 8. HP: 51/54 MP: 8/8
  5884 | D:6      | Noticed a shadow
  5901 | D:6      | Killed a shadow
  5902 | D:6      | Reached skill level 5 in Fighting
  6106 | D:6      | Noticed Blork the orc
  6117 | D:6      | Killed Blork the orc
  6212 | D:6      | Found a staircase to the Ecumenical Temple.
  6236 | Temple   | Entered the Ecumenical Temple
  6348 | D:6      | Reached XP level 9. HP: 55/61 MP: 9/9
  6901 | D:6      | Found Gauvour's Magic Scroll Boutique.
  6904 | D:6      | Bought a scroll of identify for 24 gold pieces
  6904 | D:6      | Bought a scroll of identify for 24 gold pieces
  6904 | D:6      | Bought a scroll of amnesia for 48 gold pieces
  7548 | D:7      | Noticed Menkaure
  7561 | D:7      | Killed Menkaure
  7795 | D:7      | Noticed Maggie
  7810 | D:7      | Killed Maggie
  7884 | D:7      | Identified the ring "Dufas" {rF+ rC+ Slay+5}
  8435 | D:8      | Found a staircase to the Lair.
  8466 | D:8      | Noticed a hornet
  8494 | D:8      | Killed a hornet
  8664 | D:8      | Reached XP level 10. HP: 67/69 MP: 10/10
  8825 | D:8      | Found a sand-covered staircase.
  8830 | Ossuary  | Entered an ossuary
  8928 | Ossuary  | Reached skill level 1 in Evocations
  9239 | Ossuary  | Reached skill level 5 in Dodging
 10850 | D:9      | Found a flagged portal.
 10865 | Bailey   | Entered a bailey
 11079 | D:9      | Found a bloodstained altar of Trog.
 11083 | D:9      | Found Ojutanua's Lightly-Used Armoury.
 11386 | D:9      | Found an ornate altar of the Wu Jian Council.
 11396 | D:9      | Found a broken altar of Ashenzari.
 11908 | D:9      | Found a staircase to the Orcish Mines.
 12356 | Orc:1    | Entered Level 1 of the Orcish Mines
 12356 | Orc:1    | Noticed Erolcha
 12414 | D:10     | Entered Level 10 of the Dungeon
 12519 | D:10     | Noticed Nergalle
 12533 | D:10     | Noticed a two-headed ogre
 12543 | D:10     | Killed Nergalle
 12544 | D:10     | Reached XP level 11. HP: 29/75 MP: 11/11
 12569 | D:10     | Killed a two-headed ogre
 12766 | D:10     | Found a basalt altar of Yredelemnul.
 13133 | D:10     | Found Zin's Purification Station.
 13133 | D:10     | Found a glowing silver altar of Zin.
 13506 | D:10     | Noticed Urug
 13696 | D:11     | You fall into a shaft and drop 1 floor!
 13785 | D:12     | Noticed a two-headed ogre
 13791 | D:12     | Killed a two-headed ogre
 13830 | D:12     | Noticed a manticore
 13837 | D:12     | Killed a manticore
 13838 | D:12     | Reached skill level 5 in Evocations
 14015 | D:12     | Noticed a purple ugly thing
 14955 | Lair:1   | Entered Level 1 of the Lair of Beasts
 15096 | Lair:1   | Learned a level 2 spell: Blink
 15101 | Lair:1   | Learned a level 4 spell: Manifold Assault
 15104 | Lair:1   | Learned a level 2 spell: Lesser Beckoning
 15258 | Lair:1   | Reached skill level 10 in Unarmed Combat
 15401 | Lair:1   | Reached skill level 1 in Translocations
 15839 | Lair:1   | Reached skill level 10 in Shapeshifting
 15905 | Lair:1   | Reached XP level 12. HP: 64/84 MP: 12/12
 17549 | Lair:2   | Found a staircase to the Snake Pit.
 18022 | Lair:2   | Noticed a skyshark
 18030 | Lair:2   | Killed a skyshark
 18802 | Lair:3   | Noticed a skyshark
 18810 | Lair:3   | Killed a skyshark
 18845 | Lair:2   | Reached skill level 1 in Spellcasting
 18971 | Lair:3   | Reached XP level 13. HP: 51/90 MP: 13/15
 19558 | Lair:3   | Noticed a dire elephant
 19572 | Lair:3   | Killed a dire elephant
 20452 | Lair:3   | Bought a blackened iron ring for 105 gold pieces
 20452 | Lair:3   | Bought a scroll of identify for 42 gold pieces
 20452 | Lair:3   | Bought a scroll of identify for 42 gold pieces
 20472 | Lair:3   | Found a staircase to the Shoals.
 20722 | Lair:3   | Identified the +1 plate armour of Dogma {SInv}
 21998 | Lair:3   | Bought a scroll of acquirement for 728 gold pieces
 21998 | Lair:3   | Acquired 749 gold pieces
 22001 | Lair:3   | Bought an amulet of regeneration for 510 gold pieces
 22024 | Shoals:1 | Entered Level 1 of the Shoals
 22199 | Lair:4   | Reached skill level 10 in Fighting
 22243 | Lair:4   | Reached skill level 5 in Translocations
 22279 | Lair:4   | Identified the ring of Ajia {rElec rF+ rC+ Str+4 SInv}
 22511 | Lair:4   | Noticed Josephine
 22573 | Lair:4   | Killed Josephine
 22660 | Lair:4   | Reached XP level 14. HP: 99/99 MP: 16/19
 22882 | Lair:4   | Found a staircase to the Slime Pits.
 23209 | Lair:5   | Entered Level 5 of the Lair of Beasts
 23748 | Lair:5   | Mangled by a goliath frog

Illustrated notes

Levels and vault maps discovered:
D:1:      dpeg_arrival_tiny_a, layout_loops_ring
D:2:      layout_basic, chequers_serial_rivers_small_b
D:3:      layout_basic, nicolae_ru_awakened_eye, grunt_gozag_breadcrumbs,
          mainiacjoe_overflow_catch_the_wave,
          dreamdust_ecumenical_altar_angels_and_demons, serial_shops, shop,
          kennysheep_generic_room_10
D:4:      minmay_wonky_spiral, layout_basic, uniq_ijyb, uniq_duvessa,
          uniq_natasha
D:5:      layout_gridville, serial_shops, shop, minmay_misc_feat_square,
          serial_library_hellmonk_u_bend, minmay_between
D:6:      layout_basic, minmay_temple_entry_purple_smoke, serial_shops,
          nicolae_shop_rolled_up, serial_park_tiny_pond, uniq_blork_the_orc
D:7:      layout_basic, uniq_maggie, uniq_menkaure
D:8:      layout_layer_cave, dpeg_oklobed_lair, serial_glass, glass_columns_b,
          glass_columns_a, glass_columns_c, glass_columns_a, enter_ossuary_2,
          kennysheep_generic_room_8
D:9:      layout_rooms, bloody_trog, mainiacjoe_overflow_large_starburst,
          david_orc_1_choice, enter_bailey_6, minmay_shop_damaged,
          minmay_crystal_water
D:10:     layout_basic, zin_purify, kennysheep_mini_moat, uniq_nergalle,
          uniq_urug
D:11:     layout_loops_cross
D:12:     layout_roguey, nicolae_custom_books,
          hangedman_abyss_or_decor_lesser_grid
Temple:   hellmonk_temple_forest_ring
Lair:1:   layout_regular_city
Lair:2:   layout_chaotic_city, nicolae_snake_entry_warm_welcome
Lair:3:   layout_roguey, elwin_shoals_entry_rocks, nicolae_lair_lakeside_cave,
          grunt_megastairs_5
Lair:4:   regret_index_bee_streams, layout_small_grid, slime_entry_1,
          chequers_serial_rivers_small_3, st_stairs_5,
          infiniplex_staircase_pool_2, uniq_josephine
Lair:5:   minmay_lair_end_frog_pond, layout_misc_corridors,
          pdpol_lair_cabin_in_the_woods
Shoals:1: layout_shoals, gammafunk_ghost_wrathful_warriors,
          lemuel_altar_in_water, nicolae_shoals_pincushion_passage
Orc:1:    layout_caves, uniq_erolcha, uniq_fannar, uniq_snorg

Skill      XL: |  1  2  3  4  5  6  7  8  9 10 11 12 13 14 |
---------------+-------------------------------------------+-----
Fighting       | 2 3 4 5 6 7 8 9 10 | 10.4
Shapeshifting  | 4 5 6 7 9 10 11 12 | 12.2
Unarmed Combat | 4 5 6 7 8 10 11 12 | 12.9
Dodging        | 4 6 7 8 9 |  9.2
Evocations     | 4 5 7 8 |  8.0
Translocations | 1 3 5 |  5.6
Spellcasting   | 1 3 4 |  4.1

Action                     |  1- 3 |  4- 6 |  7- 9 | 10-12 | 13-15 || total
---------------------------+-------+-------+-------+-------+-------++-------
  Melee: Unarmed           |    58 |   116 |   149 |   467 |   355 ||  1145
         Tentacles         |    11 |    18 |    33 |    57 |       ||   119
         Constrict         |    18 |    30 |    29 |   112 |    86 ||   275
         Punch             |     1 |     2 |     4 |    16 |       ||    23
  Throw: Throwing net      |       |       |     1 |       |       ||     1
   Cast: Lesser Beckoning  |       |       |       |       |     4 ||     4
 Invoke: Call Merchant     |       |       |       |       |     3 ||     3
         Potion Petition   |       |       |       |       |     1 ||     1
  Evoke: Wand              |       |     4 |    11 |    37 |    10 ||    62
    Use: Scroll            |       |     5 |    10 |     6 |    13 ||    34
         Potion            |       |       |     2 |     2 |     3 ||     7
   Stab: Sleeping          |     8 |     8 |     4 |     6 |       ||    26
         Betrayed ally     |       |     1 |       |       |       ||     1
         Distracted        |       |       |       |     2 |       ||     2
 Armour: Skin              |    21 |    52 |    77 |   366 |   302 ||   818
  Dodge: Dodged            |    19 |    65 |    69 |   295 |   218 ||   666
   Form: Anaconda          |       |       |       |     1 |       ||     1

Table legend: (Time is in decaauts)
 A = Elapsed time spent in this place.
 B = Non-inter-level travel time spent in this place.
 C = Inter-level travel time spent in this place.
 D = Time resting spent in this place.
 E = Time spent auto-exploring this place.
 F = Levels seen in this place.
 G = Mean time per level.
                   A        B        C        D        E       F      G
               +--------+--------+--------+--------+--------+-----+--------+
         Total |  23586 |  22413 |   1173 |   2560 |  16339 |  22 | 1072.1 |
       Dungeon |  14224 |  13468 |    756 |   1222 |  10325 |  12 | 1185.3 |
        Temple |      1 |      1 |      0 |      0 |      0 |   1 |    1.0 |
          Lair |   8684 |   8267 |    417 |   1338 |   5553 |   5 | 1736.8 |
        Shoals |      1 |      1 |      0 |      0 |      0 |   1 |    1.0 |
  Orcish Mines |      1 |      1 |      0 |      0 |      0 |   1 |    1.0 |
       Ossuary |    656 |    656 |      0 |      0 |    461 |   1 |  656.0 |
        Bailey |     14 |     14 |      0 |      0 |      0 |   1 |   14.0 |
               +--------+--------+--------+--------+--------+-----+--------+

Top non-repeatable levels by time:
  Lair:4: 2467 daAuts
  Lair:3: 2415 daAuts
  Lair:2: 1912 daAuts
  Lair:1: 1854 daAuts
     D:8: 1596 daAuts
     D:9: 1579 daAuts
     D:4: 1485 daAuts
     D:5: 1461 daAuts
     D:7: 1394 daAuts
     D:6: 1373 daAuts
    D:10: 1284 daAuts
     D:3: 1073 daAuts
     D:2: 1051 daAuts
    D:11: 871 daAuts
     D:1: 717 daAuts
